cohdb
Replays
Latest Replays
All Replays
Popular Replays
Top Player Replays
Match Explorer
How It Works
Community
CoH3 Stats
Reddit
Sign in to upload your games and track your stats! →
Sign in with Steam
Match 42721376
Unlisted
Match 42721376
Overview
Messages
Build Orders
End
Royal Engineer Section
Construct Section Command Post
Selects Canadian Shock Battlegroup
Dingo Light Scout Car
Infantry Section
Infantry Section
Infantry Section
Construct Platoon Command Post
Selects Attacking Spirit
Selects Canadian Shock Section
Selects Incendiary Munitions
Grenade Package
Humber Armored Car
Construct Field Infirmary
Royal Engineer Section
Construct Company Command Post
Selects Pyrotechnics
Crusader II Medium Tank
Royal Engineer Section
Crusader II Medium Tank
Selects Churchill Crocodile Heavy Tank
Royal Engineer Section
Foot Guards Section
Infantry Section
Infantry Section
Selects Smoke Operation
Smoke Operation
Churchill Crocodile Heavy Tank
Agua de Jamaica
Vengeful One
0
0
Comments
sign in to comment!
No comments posted yet!